 Dungeon Crawl Stone Soup version 0.28-a0-796-gd4f0d3f9b2 (webtiles) character file.

Game seed: 10079591196809574104

14121 bustaboy the Fighter (level 12, -2/100 HPs)
             Began as a Gnoll Wanderer on Nov 6, 2021.
             Was a Believer of Nemelex Xobeh.
             Shot with an arrow by a centaur warrior (14 damage)
             ... on level 13 of the Dungeon.
             The game lasted 01:33:35 (11295 turns).

bustaboy the Fighter (Gnoll Wanderer)              Turns: 11295, Time: 01:33:35

Health: -2/100     AC: 14    Str: 16    XL:     12   Next: 13%
Magic:  19/22      EV: 18    Int: 13    God:    Nemelex Xobeh [**....]
Gold:   529        SH:  0    Dex: 11    Spells: 19/25 levels left

rFire   . . .      SeeInvis .   J - +6 falchion "Spiderslayer" {pain, Contam rPois rN+}
rCold   . . .      Faith    .   (no shield)
rNeg    + . .      Spirit   .   Q - +0 steam dragon scales
rPois   +          Reflect  .   m - +2 helmet
rElec   .          Harm     .   j - +0 cloak {rCorr}
rCorr   +          Rampage  .   s - +0 pair of gloves
Will    +....                   t - +0 pair of boots
Stlth   +++.......              z - amulet of regeneration
HPRegen 1.26/turn               W - +4 ring of evasion
MPRegen 0.18/turn               G - ring of willpower

@: swift, very quick
A: fangs 1, strong nose, distributed training
a: Renounce Religion, Draw Escape, Draw Destruction, Draw Summoning


You were on level 13 of the Dungeon.
You worshipped Nemelex Xobeh.
Nemelex Xobeh was pleased with you.
You visited 2 branches of the dungeon, and saw 14 of its levels.

You collected 549 gold pieces.
You donated 20 gold pieces to Zin.

Inventory:

Hand Weapons
 B - a +1 hand axe of freezing
 I - a +1 whip of flaming
 J - the +6 falchion "Spiderslayer" (weapon) {pain, Contam rPois rN+}
   (You found it on level 6 of the Dungeon)

   In the hands of one skilled in necromantic magic, it inflicts extra damage on
   living creatures.
   rPois:     It protects you from poison.
   rN:        It protects you from negative energy.
   Contam:    It causes magical contamination when unequipped.
 K - a +3 rapier
 O - a +3 glaive
 T - a +0 hand crossbow
Missiles
 a - a curare-tipped dart
 b - 2 atropa-tipped darts
 U - 12 bolts
 V - 3 boomerangs (quivered)
Armour
 j - a +0 cloak of preservation (worn)
 m - a +2 helmet (worn)
 n - a +0 plate armour
 s - a +0 pair of gloves (worn)
 t - a +0 pair of boots (worn)
 N - a +1 hat
 Q - +0 steam dragon scales (worn)
Magical Staves
 L - a staff of earth
Jewellery
 g - a ring of protection from fire
 z - an amulet of regeneration (around neck)
 C - a +4 ring of protection
 G - a ring of willpower (right hand)
 W - a +4 ring of evasion (left hand)
 Z - a ring of willpower
Wands
 u - a wand of digging (5)
 v - a wand of acid (12)
 D - a wand of mindburst (25)
 H - a wand of charming (3)
 M - a wand of paralysis (15)
 Y - a wand of flame (20)
Scrolls
 d - a scroll of teleportation {unknown}
 f - a scroll of fog {unknown}
 i - 5 scrolls of amnesia
 l - 2 scrolls of silence
 p - 2 scrolls of enchant weapon
 q - a scroll of acquirement {unknown}
 w - 5 scrolls of vulnerability
 E - a scroll of brand weapon {unknown}
 F - 3 scrolls of identify
 P - 2 scrolls of magic mapping {unknown}
Potions
 c - a potion of might
 e - 4 potions of lignification
 h - 2 potions of brilliance
 k - 7 potions of attraction {unknown}
 r - a potion of magic {unknown}
 x - a potion of haste {unknown}
 A - a potion of cancellation {unknown}
 X - 2 potions of experience {unknown}


   Skills:
 + Level 11.0 Fighting
 + Level 7.0 Short Blades
 + Level 7.0 Long Blades
 + Level 7.0 Axes
 + Level 7.0 Maces & Flails
 + Level 7.0 Polearms
 + Level 7.0 Staves
 + Level 7.0 Slings
 + Level 7.0 Bows
 + Level 7.0 Crossbows
 + Level 7.5 Throwing
 + Level 7.5 Armour
 + Level 7.0 Dodging
 + Level 7.4 Stealth
 + Level 7.0 Shields
 + Level 7.0 Unarmed Combat
 + Level 7.0 Spellcasting
 + Level 5.8 Conjurations
 + Level 5.8 Hexes
 + Level 5.8 Summonings
 + Level 5.8 Necromancy
 + Level 5.8 Translocations
 + Level 5.8 Transmutations
 + Level 5.8 Fire Magic
 + Level 8.1 Ice Magic
 + Level 5.8 Air Magic
 + Level 5.8 Earth Magic
 + Level 5.8 Poison Magic
 + Level 7.6 Invocations
 + Level 7.0 Evocations


You had 19 spell levels left.
You knew the following spells:

 Your Spells              Type           Power      Damage    Failure   Level
a - Swiftness             Air            19%        N/A       4%          3
b - Ozocubu's Armour      Ice            25%        N/A       1%          3

Your spell library contained the following spells:

 Spells                   Type           Power      Damage    Failure   Level
 Beastly Appendage        Tmut           38%        N/A       1%          1
 Freeze                   Ice            100%       1d11      1%          1
 Shock                    Conj/Air       76%        1d7       1%          1
 Ensorcelled Hibernation  Hex/Ice        44%        N/A       1%          2
 Frozen Ramparts          Ice            50%        1d7       1%          3
 Wereblood                Tmut           19%        N/A       2%          2
 Spider Form              Tmut/Pois      19%        N/A       4%          3
 Hailstorm                Conj/Ice       22%        3d7       9%          4
 Airstrike                Air            9%         N/A       14%         4
 Freezing Cloud           Conj/Ice/Air   10%        6-21      28%         5
 Simulacrum               Ice/Necr       11%        N/A       80%         6
 Polar Vortex             Ice            12%        N/A       100%        9


Dungeon Overview and Level Annotations

Branches:
Dungeon (13/15)            Temple (1/1) D:7            Lair (0/6) D:8
    Orc: D:9-12      Vaults: D:13-14

Altars:
Ashenzari
Cheibriados
Dithmenos
Elyvilon
Fedhas
Gozag
Hepliaklqana
Kikubaaqudgha
Makhleb
Nemelex Xobeh
Qazlal
Ru
Sif Muna
Trog
Uskayaw
Vehumet
Wu Jian
Xom
Yredelemnul
Zin
The Shining One

Shops:
D:5 *   D:7 *

Annotations:
D:6 2 transporters, Zero's ghost, novice DjTm
D:13 Azrael


Innate Abilities, Weirdness & Mutations

You have very sharp teeth.
Your uncanny sense of smell can sniff out nearby items.
Your experience applies equally to all skills.


Message History

Okay, then.
Press: ? - help, v - describe, . - travel A stone staircase leading up.
Unknown command.
Okay, then.
Casting: Ozocubu's Armour (safe; 1% risk of failure)
Confirm with . or Enter, or press ? or * to list all spells.
You feel quick.
The troll shouts!
A fire elemental comes into view.
The redback barely misses you.
Your icy armour will break if you move.
Continue?
Your icy armour cracks and falls away as you move.
The redback completely misses you.
A hell hound comes into view.
The redback misses you. The hell hound completely misses you.
The hell hound breathes flames at you.
The blast of flame hits the hell hound.
The hell hound completely resists.
The blast of flame hits you!!
* * * LOW HITPOINT WARNING * * *
The hell hound bites you but does no damage.
The hell hound barks!
A centaur warrior comes into view.
Found a whip.
Things that are here:
a +0 whip; 23 gold pieces You have identified the last wand.
Found a wand of iceblast (7).
The hell hound breathes flames at you. The blast of flame misses you.
The centaur warrior shouts!
The centaur warrior hits you.
* * * LOW HITPOINT WARNING * * *
The centaur warrior barely misses you.
The centaur warrior hits you but does no damage.
The centaur warrior kicks you but does no damage.
The centaur warrior wields a +0 shortbow.
The centaur warrior shoots an arrow.
The arrow hits you!
You die...
Your body disappears without a glow.

#.##°##
.# #☼#
##E# #.#
#E ##E#
#.###.
#)E#
#....
##h##
#...##.##
#...ch#
##...##
#..@##
#.### #.#
#/# #.#
.. .


You could see a centaur warrior, 4 fire elementals and 2 hell hounds.

Vanquished Creatures
  A boulder beetle (D:11)
  4 two-headed ogres
  Erica (D:11)
  Pikel (D:6)
  A cyclops (D:12)
  Maurice (D:11)
  Maggie (D:7)
  Psyche (D:8)
  A kobold demonologist (D:11)
  5 trolls
  A hornet (D:9)
  Sigmund (D:3)
  2 shadows
  8 yaks (D:11)
  A redback (D:13)
  A wyvern (D:10)
  A steam dragon (D:8)
  7 water moccasins
  2 acid dragons
  2 ice beasts
  8 orc warriors
  A sky beast (D:8)
  A necrophage (D:8)
  3 black bears
  An ogre (D:5)
  5 centaurs
  2 phantoms (D:7)
  2 kobold brigands
  A wyvern zombie (D:7)
  3 scorpions
  6 bullfrogs
  A wyvern skeleton (D:7)
  A water moccasin skeleton (D:4)
  7 killer bees
  2 oklob saplings (D:10)
  A lava snake (D:9)
  A bullfrog zombie (D:5)
  3 centaur zombies
  6 orc priests
  3 hounds
  2 jellies
  A gnoll shaman (D:5)
  3 iguanas
  Natasha (D:2)
  12 orc wizards
  A killer bee zombie (D:7)
  A hound zombie (D:5)
  3 howler monkey zombies
  3 gnolls (D:5)
  12 adders
  3 white imps
  An adder skeleton (D:4)
  A worm (D:2)
  A dart slug (D:2)
  46 orcs
  14 ball pythons
  9 endoplasms
  A giant cockroach (D:2)
  7 goblins
  4 hobgoblins
  3 jackals (D:2)
  3 quokkas
  6 bats
  4 frilled lizards
  11 kobolds
  5 rats
259 creatures vanquished.

Vanquished Creatures (others)
  5 dream sheep (D:9)
  An orc (D:8)
  A bush (D:9)
  39 fungi (D:8)
  49 plants
95 creatures vanquished.

Grand Total: 354 creatures vanquished

Notes
Turn   | Place    | Note
-------+----------+-------------------------------------------
     0 | D:1      | bustaboy the Gnoll Wanderer began the quest for the Orb.
     0 | D:1      | bustaboy set off with the following items: a +0 spear, a +0
                  | ring mail; and the following spell memorised: Freeze; and
                  | the following spells available to memorise: Frozen
                  | Ramparts, Ozocubu's Armour, Hailstorm
     0 | D:1      | Reached XP level 1. HP: 26/26 MP: 1/1
   228 | D:1      | Reached XP level 2. HP: 33/33 MP: 2/2
   700 | D:2      | Reached XP level 3. HP: 37/38 MP: 3/3
   907 | D:2      | Found a faded altar of an unknown god.
  1005 | D:2      | Reached skill level 1 in Invocations
  1446 | D:2      | Noticed Natasha
  1493 | D:2      | Killed Natasha
  1494 | D:2      | Reached skill level 1 in Short Blades
  1494 | D:2      | Reached skill level 1 in Long Blades
  1494 | D:2      | Reached skill level 1 in Axes
  1494 | D:2      | Reached skill level 1 in Maces & Flails
  1494 | D:2      | Reached skill level 1 in Polearms
  1494 | D:2      | Reached skill level 1 in Staves
  1494 | D:2      | Reached skill level 1 in Slings
  1494 | D:2      | Reached skill level 1 in Bows
  1494 | D:2      | Reached skill level 1 in Crossbows
  1494 | D:2      | Reached skill level 1 in Dodging
  1494 | D:2      | Reached skill level 1 in Shields
  1494 | D:2      | Reached skill level 1 in Unarmed Combat
  1494 | D:2      | Reached skill level 1 in Spellcasting
  1494 | D:2      | Reached skill level 1 in Evocations
  1494 | D:2      | Reached XP level 4. HP: 28/45 MP: 5/5
  1607 | D:2      | Learned a level 3 spell: Ozocubu's Armour
  1885 | D:3      | Reached skill level 1 in Conjurations
  1885 | D:3      | Reached skill level 1 in Hexes
  1885 | D:3      | Reached skill level 1 in Summonings
  1885 | D:3      | Reached skill level 1 in Necromancy
  1885 | D:3      | Reached skill level 1 in Translocations
  1885 | D:3      | Reached skill level 1 in Transmutations
  1885 | D:3      | Reached skill level 1 in Fire Magic
  1885 | D:3      | Reached skill level 1 in Air Magic
  1885 | D:3      | Reached skill level 1 in Earth Magic
  1885 | D:3      | Reached skill level 1 in Poison Magic
  2222 | D:3      | Found a snail-covered altar of Cheibriados.
  2229 | D:3      | Noticed Sigmund
  2257 | D:3      | Killed Sigmund
  2258 | D:3      | Reached XP level 5. HP: 37/51 MP: 5/7
  2258 | D:3      | Reached XP level 6. HP: 42/57 MP: 5/8
  2984 | D:4      | Reached XP level 7. HP: 62/63 MP: 10/10
  3047 | D:4      | Found a sacrificial altar of Ru.
  3624 | D:5      | Entered Level 5 of the Dungeon
  3871 | D:5      | Found Zin's Purification Station.
  3875 | D:5      | Found a glowing silver altar of Zin.
  3883 | D:5      | Became a worshipper of Zin the Law-Giver
  3883 | D:5      | Reached * piety under Zin
  3900 | D:5      | Reached skill level 9 in Fighting
  3988 | D:5      | Reached XP level 8. HP: 71/71 MP: 12/12
  4712 | D:6      | Reached ** piety under Zin
  4715 | D:6      | Found a transporter.
  4715 | D:6      | Found a transporter.
  4715 | D:6      | Noticed Zero's ghost (novice DjTm)
  4731 | D:6      | Noticed Pikel
  4768 | D:6      | Killed Pikel
  4838 | D:6      | Identified the +6 falchion "Spiderslayer" {pain, Contam
                  | rPois rN+}
  5045 | D:6      | Fell from the grace of Zin
  5115 | D:6      | Reached XP level 9. HP: 69/77 MP: 14/14
  5861 | D:7      | Noticed Maggie
  5887 | D:7      | Killed Maggie
  5888 | D:7      | Reached skill level 5 in Throwing
  5888 | D:7      | Reached skill level 5 in Armour
  6213 | D:7      | Reached skill level 5 in Stealth
  6395 | D:7      | Found Kyudexkedgh's General Store.
  6395 | D:7      | Found a staircase to the Ecumenical Temple.
  6423 | Temple   | Entered the Ecumenical Temple
  6649 | Temple   | Became a worshipper of Nemelex Xobeh the Trickster
  6771 | D:7      | Found an opulent altar of Gozag.
  6919 | D:7      | Reached skill level 5 in Invocations
  7263 | D:8      | Noticed a two-headed ogre
  7276 | D:8      | Noticed Psyche
  7278 | D:8      | Killed a two-headed ogre
  7279 | D:8      | Reached skill level 5 in Short Blades
  7279 | D:8      | Reached skill level 5 in Long Blades
  7279 | D:8      | Reached skill level 5 in Axes
  7279 | D:8      | Reached skill level 5 in Maces & Flails
  7279 | D:8      | Reached skill level 5 in Polearms
  7279 | D:8      | Reached skill level 5 in Staves
  7279 | D:8      | Reached skill level 5 in Slings
  7279 | D:8      | Reached skill level 5 in Bows
  7279 | D:8      | Reached skill level 5 in Crossbows
  7279 | D:8      | Reached skill level 5 in Dodging
  7279 | D:8      | Reached skill level 5 in Shields
  7279 | D:8      | Reached skill level 5 in Unarmed Combat
  7279 | D:8      | Reached skill level 5 in Spellcasting
  7279 | D:8      | Reached skill level 5 in Evocations
  7279 | D:8      | Reached XP level 10. HP: 85/85 MP: 15/17
  7286 | D:8      | Reached skill level 10 in Fighting
  7292 | D:8      | Killed Psyche
  7549 | D:8      | Noticed a death knight
  7553 | D:8      | Found a staircase to the Lair.
  7553 | D:8      | Reached * piety under Nemelex Xobeh
  7619 | D:9      | HP: 3/85 [hornet (8)]
  7783 | D:9      | Noticed a two-headed ogre
  7801 | D:9      | Killed a two-headed ogre
  7802 | D:9      | Reached XP level 11. HP: 60/92 MP: 19/19
  8049 | D:9      | Found a shimmering altar of Xom.
  8160 | D:9      | Reached skill level 5 in Conjurations
  8160 | D:9      | Reached skill level 5 in Hexes
  8160 | D:9      | Reached skill level 5 in Summonings
  8160 | D:9      | Reached skill level 5 in Necromancy
  8160 | D:9      | Reached skill level 5 in Translocations
  8160 | D:9      | Reached skill level 5 in Transmutations
  8160 | D:9      | Reached skill level 5 in Fire Magic
  8160 | D:9      | Reached skill level 5 in Air Magic
  8160 | D:9      | Reached skill level 5 in Earth Magic
  8160 | D:9      | Reached skill level 5 in Poison Magic
  8175 | D:9      | Noticed a two-headed ogre
  8196 | D:9      | Killed a two-headed ogre
  8249 | D:9      | Learned a level 3 spell: Swiftness
  8576 | D:10     | Entered Level 10 of the Dungeon
  8900 | D:10     | Found a blossoming altar of Fedhas.
  9137 | D:10     | Received a gift from Nemelex Xobeh
  9347 | D:10     | Reached ** piety under Nemelex Xobeh
  9650 | D:11     | Noticed Maurice
  9660 | D:11     | Killed Maurice
  9687 | D:11     | Noticed an orc knight
  9687 | D:11     | Noticed a boulder beetle
  9688 | D:11     | Noticed a cyclops
  9689 | D:11     | Noticed a tengu warrior
  9729 | D:11     | Noticed a cyclops
  9730 | D:11     | Noticed a deep elf pyromancer
  9730 | D:11     | Noticed a boulder beetle
  9731 | D:11     | Noticed a seven-headed hydra
  9736 | D:11     | Noticed a centaur warrior
 10149 | D:11     | Noticed a soul eater
 10179 | D:11     | Noticed Erica
 10205 | D:11     | Killed Erica
 10227 | D:11     | Noticed a boulder beetle
 10255 | D:11     | Killed a boulder beetle
 10717 | D:11     | Reached XP level 12. HP: 99/99 MP: 22/22
 11123 | D:12     | Identified the -5 pair of gloves of the Sun {Dex+3}
 11193 | D:12     | Received a gift from Nemelex Xobeh
 11211 | D:12     | Identified the +1 short sword of Salt {freeze, rElec rC-
                  | Will++ MP+9}
 11213 | D:12     | Reached skill level 11 in Fighting
 11244 | D:12     | Noticed a two-headed ogre
 11252 | D:12     | Killed a two-headed ogre
 11282 | D:13     | Noticed Azrael
 11285 | D:13     | HP: 4/100 [hell hound/blast of flame[Azrael] (20)]
 11288 | D:13     | Noticed a centaur warrior
 11295 | D:13     | Shot with an arrow by a centaur warrior

Illustrated notes

Levels and vault maps discovered:
D:1:      shiori_arrival_oz, layout_rooms
D:2:      layout_loops_ring, ebering_ecumenical_altar_webs, minmay_heptomino_h4,
          uniq_natasha
D:3:      layout_loops_ring, cheibriados_altar_1, uniq_sigmund
D:4:      layout_loops_ring, nicolae_ru_great_annihilating_truth
D:5:      layout_cave_pools, zin_purify, minivault_25
D:6:      layout_gridville, gammafunk_ghost_hive, uniq_pikel
D:7:      layout_basic, nicolae_overflow_hidden_temple,
          minmay_temple_entry_tees, serial_shops, shop, uniq_maggie
D:8:      cheibrodos_fzero, layout_rooms, marbit_many_paths,
          due_lair_maze_entry_diamond, minmay_misc_feat_alley, uniq_psyche
D:9:      layout_rooms, kb_xom_exploding_sheep, minmay_crystal_water,
          kennysheep_minor_cross, kb_lookout_dungeons_type, dk_noncrumbling_2,
          kennysheep_generic_room_5
D:10:     wad_pebble_path, layout_basic, fedhas_altar_2, minmay_door_square,
          introduction_to_nature_1
D:11:     layout_layer_cave, minivault_12, uniq_maurice, uniq_erica
D:12:     layout_loops_cross, hiddenorc1_lemuel, chequers_avenue, drop_trap
D:13:     layout_layer_cave, okawaru_gym_becter, uniq_azrael
Temple:   regret_index_temple_generic_petals

Skill      XL: |  1  2  3  4  5  6  7  8  9 10 11 12 |
---------------+-------------------------------------+-----
Invocations    | 1 2 3 4 5 6 7 |  7.6
Short Blades   | 1 2 3 5 6 7 |  7.0
Long Blades    | 1 2 3 5 6 7 |  7.0
Axes           | 1 2 3 5 6 7 |  7.0
Maces & Flails | 1 2 3 5 6 7 |  7.0
Polearms       | 1 2 3 5 6 7 |  7.0
Staves         | 1 2 3 5 6 7 |  7.0
Slings         | 1 2 3 5 6 7 |  7.0
Bows           | 1 2 3 5 6 7 |  7.0
Crossbows      | 1 2 3 5 6 7 |  7.0
Dodging        | 1 2 3 5 6 7 |  7.0
Shields        | 1 2 3 5 6 7 |  7.0
Unarmed Combat | 1 2 3 5 6 7 |  7.0
Spellcasting   | 1 2 3 5 6 7 |  7.0
Evocations     | 1 2 3 5 6 7 |  7.0
Conjurations   | 1 2 3 4 5 |  5.8
Hexes          | 1 2 3 4 5 |  5.8
Summonings     | 1 2 3 4 5 |  5.8
Necromancy     | 1 2 3 4 5 |  5.8
Translocations | 1 2 3 4 5 |  5.8
Transmutations | 1 2 3 4 5 |  5.8
Fire Magic     | 1 2 3 4 5 |  5.8
Air Magic      | 1 2 3 4 5 |  5.8
Earth Magic    | 1 2 3 4 5 |  5.8
Poison Magic   | 1 2 3 4 5 |  5.8
Throwing       | 3 4 5 6 7 |  7.5
Armour         | 3 4 5 6 7 |  7.5
Stealth        | 3 4 5 6 7 |  7.4
Fighting       | 9 10 11 | 11.0
Ice Magic      | 6 7 8 |  8.1

Action                   |  1- 3 |  4- 6 |  7- 9 | 10-12 || total
-------------------------+-------+-------+-------+-------++-------
Melee: Spear             |    81 |   196 |    70 |       ||   347
       Bite              |     6 |    14 |    49 |    41 ||   110
       Punch             |       |     1 |     7 |    12 ||    20
       Hand axe          |       |       |   212 |       ||   212
       Falchion          |       |       |   214 |   460 ||   674
Throw: Boomerang         |    28 |    25 |    10 |   103 ||   166
       Dart              |       |       |       |     1 ||     1
 Cast: Ozocubu's Armour  |       |       |     6 |     4 ||    10
       Freeze            |       |       |     2 |       ||     2
       Swiftness         |       |       |       |     1 ||     1
Invok: Renounce Religion |       |       |     1 |       ||     1
       Draw Destruction  |       |       |       |     1 ||     1
       Draw Summoning    |       |       |       |     1 ||     1
       Draw Escape       |       |       |       |     2 ||     2
  Use: Scroll            |       |       |     3 |     7 ||    10
       Potion            |       |       |       |     7 ||     7
 Stab: Sleeping          |     2 |       |     4 |     2 ||     8
       Paralysed         |       |       |     2 |       ||     2
       Distracted        |       |       |       |     1 ||     1
Armor: Ring mail         |    21 |    78 |   221 |       ||   320
       Steam dragon scal |       |       |    48 |   180 ||   228
Dodge: Dodged            |    32 |    87 |   331 |   546 ||   996

Table legend: (Time is in decaauts)
 A = Elapsed time spent in this place.
 B = Non-inter-level travel time spent in this place.
 C = Inter-level travel time spent in this place.
 D = Time resting spent in this place.
 E = Time spent auto-exploring this place.
 F = Levels seen in this place.
 G = Mean time per level.
                   A        B        C        D        E       F      G
               +--------+--------+--------+--------+--------+-----+--------+
         Total |  11351 |  10983 |    368 |   1578 |   6524 |  14 |  810.8 |
       Dungeon |  11091 |  10754 |    337 |   1578 |   6319 |  13 |  853.2 |
        Temple |    259 |    228 |     31 |      0 |    205 |   1 |  259.0 |
               +--------+--------+--------+--------+--------+-----+--------+

Top non-repeatable levels by time:
    D:11: 1460 daAuts
     D:6: 1316 daAuts
     D:7: 1240 daAuts
     D:2: 1197 daAuts
    D:10: 1079 daAuts
     D:4: 995 daAuts
     D:9: 975 daAuts
     D:3: 854 daAuts
     D:5: 742 daAuts
     D:1: 596 daAuts
     D:8: 457 daAuts
  Temple: 259 daAuts
    D:12: 158 daAuts
    D:13: 16 daAuts
